AoeStats
← the shy

African Clearing

504708160Analyzed
4v4 RM · 26d ago on Sep 6, 2026· 43m 19s· 8 players
Game mode
Random Map
Map size
Large (8 player)
Population
200
Speed
Normal
Resources
Standard
Victory
Conquest
Starting age
Dark Age
Ending age
Imperial Age
RankedLock teamsTeams togetherTeam positionsShared explorationLock speedFull tech treeHidden civsTurbo modeCheats
Victory
Defeat
🇸🇮 Maya · Slovenia
1624
+14
🇮🇹 Chinese · Italy
1620
+15
🇷🇺 Persians · Russia
1573
+16
🇹🇷 Huns · Türkiye
1560
+18
1661
-18
🇨🇳 Persians · China
1585
-16
🇨🇳 Huns · China
1559
-15
🇨🇳 Mongols · China
1536
-14
[RUS-F]vov_chesn
8:17 Loom
13:10 Feudal Age
15:13 Double-Bit Axe
15:11 Horse Collar
17:53 Castle Age
17:12 Scale Barding Armor
17:22 Bloodlines
18:31 Bow Saw
26:33 Wheelbarrow
30:27 Chain Barding Armor
30:46 Husbandry
31:34 Heavy Plow
33:25 Hand Cart
37:18 Imperial Age
34:35 Town Watch
35:48 Forging
35:45 Gold Mining
37:02 Gold Shaft Mining
37:03 Cavalier
38:43 Plate Barding Armor
40:47 Conscription
41:10 Iron Casting
40:44 Savar
41:41 Fletching
42:53 Blast Furnace
43:14 Guilds
43:06 Stone Mining
44:18 Two-Man Saw
43:48 Crop Rotation
A spoon full of love
6:33 Loom
14:16 Feudal Age
15:33 Double-Bit Axe
15:42 Stone Mining
17:55 Castle Age
15:52 Gold Mining
17:45 Fletching
19:14 Bodkin Arrow
23:23 Ballistics
24:09 Padded Archer Armor
27:34 Bow Saw
27:35 Horse Collar
34:04 Heavy Plow
37:00 Stone Shaft Mining
37:32 Wheelbarrow
40:00 Imperial Age
38:18 Fortified Wall
37:49 Treadmill Crane
38:20 Masonry
38:35 Leather Archer Armor
42:23 Chemistry
42:02 Bracer
42:27 Hand Cart
42:55 Elite Plumed Archer
GdR_Macdek II
3:24 Loom
11:55 Feudal Age
12:27 Double-Bit Axe
15:24 Scale Barding Armor
15:33 Forging
22:07 Castle Age
21:01 Horse Collar
21:54 Stone Mining
21:57 Fletching
23:07 Bodkin Arrow
29:44 Ballistics
29:43 Padded Archer Armor
31:12 Wheelbarrow
32:34 Bow Saw
33:00 Town Watch
36:37 Imperial Age
34:55 Leather Archer Armor
34:34 Gold Mining
36:59 Gold Shaft Mining
37:25 Bracer
37:47 Conscription
37:46 Thumb Ring
38:45 Chemistry
38:44 Hand Cart
40:13 Ring Archer Armor
39:43 Elite Chu Ko Nu
41:57 Stone Shaft Mining
41:25 Heavy Plow
42:38 Scale Mail Armor
43:14 Iron Casting
Honda
7:13 Loom
13:11 Feudal Age
17:38 Castle Age
15:53 Double-Bit Axe
17:04 Fletching
17:36 Padded Archer Armor
19:48 Bodkin Arrow
21:17 Ballistics
26:23 Husbandry
27:20 Bloodlines
31:16 Wheelbarrow
30:52 Bow Saw
31:12 Horse Collar
31:24 Gold Mining
36:01 Imperial Age
34:03 Leather Archer Armor
34:34 Thumb Ring
36:04 Heavy Cavalry Archer
36:45 Bracer
38:42 Chemistry
38:43 Two-Man Saw
37:47 Heavy Plow
38:03 Town Watch
39:49 Parthian Tactics
40:37 Stone Mining
41:55 Hand Cart
41:43 Town Patrol
the shy
10:55 Loom
14:39 Feudal Age
15:41 Double-Bit Axe
18:09 Castle Age
19:32 Bow Saw
20:16 Wheelbarrow
19:59 Horse Collar
25:36 Fletching
28:37 Fishing Lines
32:53 Imperial Age
30:50 Marauders
31:01 Scale Barding Armor
32:16 Chain Barding Armor
32:07 Forging
32:38 Husbandry
32:49 Bloodlines
34:28 Conscription
34:31 Bodkin Arrow
35:13 Hand Cart
35:17 Elite Tarkan
36:42 Gold Mining
38:07 Gold Shaft Mining
39:32 Stone Mining
41:19 Plate Barding Armor
43:27 Iron Casting
42:52 Scale Mail Armor
经典不变的回忆 | memory
7:25 Double-Bit Axe
11:31 Loom
13:37 Feudal Age
17:54 Castle Age
16:14 Horse Collar
19:18 Bow Saw
24:06 Town Watch
26:11 Gold Mining
27:05 Scale Barding Armor
27:15 Husbandry
27:51 Heavy Plow
32:14 Wheelbarrow
32:48 Gold Shaft Mining
35:02 Stone Mining
39:50 Imperial Age
39:54 Stone Shaft Mining
39:40 Forging
39:50 Chain Barding Armor
39:53 Hand Cart
40:55 Conscription
41:14 Iron Casting
40:40 Elite Coustillier
43:08 Plate Barding Armor
香辣鸡翅
13:09 Feudal Age
11:26 Loom
13:12 Feudal Age
14:38 Double-Bit Axe
17:24 Castle Age
15:33 Gold Mining
16:29 Stone Mining
19:22 Fletching
20:03 Bodkin Arrow
22:07 Padded Archer Armor
22:36 Bow Saw
26:57 Wheelbarrow
27:03 Husbandry
28:11 Ballistics
30:43 Gold Shaft Mining
30:34 Horse Collar
31:06 Bloodlines
31:33 Leather Archer Armor
38:19 Heavy Plow
骑人机的骑士
13:15 Feudal Age
12:54 Loom
17:24 Castle Age
15:28 Double-Bit Axe
18:39 Husbandry
30:33 Horse Collar
33:27 Gold Mining
39:51 Imperial Age
38:15 Forging
38:30 Scale Barding Armor
39:09 Bloodlines
39:18 Heavy Plow
39:33 Cavalier
Connection lost

Rejoining the realm…

Still unreachable

The connection could not be restored.

Session expired

The server has moved on; the page needs a fresh start.